Map: Lightshade LE

Players

Lambo

  • Race: Zerg Zerg
  • League: Grandmaster

Scarlett - Winner!

  • Race: Zerg Zerg

Event: DreamHack SC2 Masters 2021 Summer

VOD

Have the link to the VOD?

Description

Time

  • Played on: July 1, 2021, 1:28 p.m.
  • Length: 5:25
Show
View Real Time Build Order
Export as new Build Order

Lambo Zerg 

Build Orders: Hatch First, Zergling Baneling 

Get SALT Encoding   

  12  0:00  Drone  
  13  0:12  Overlord  
  13  0:16  Drone  
  14  0:30  Drone x2  
  16  0:46  Hatchery  
  15  0:50  Drone  
  15  0:54  Drone  
  17  0:57  Drone  
  18  1:08  Extractor  
  17  1:12  Spawning Pool  
  17  1:15  Drone  
  17  1:18  Drone  
  18  1:28  Drone  
  19  1:38  Drone  
  20  1:49  Drone  
  21  1:59  Queen x2, Zergling x2  
  21  2:00  Overlord  
  26  2:07  Metabolic Boost  
  26  2:09  Drone  
  26  2:10  Drone  
  28  2:21  Drone, Zergling x2  
  30  2:31  Hatchery  
  30  2:35  Drone  
  30  2:39  Drone  
  30  2:42  Drone  
  32  2:45  Baneling Nest  
  32  2:50  Overlord  
  31  2:54  Drone  
  31  2:55  Drone  
  33  3:04  Zergling x2  
  34  3:07  Drone x2  
  34  3:09  Drone  
  34  3:10  Drone  
  34  3:11  Zergling x4  
  40  3:14  Overlord  
  40  3:17  Drone  
  41  3:23  Drone  
  41  3:26  Drone  
  43  3:32  Drone, Roach Warren  
  43  3:33  Extractor  
  42  3:36  Baneling, Evolution Chamber  
  42  3:37  Zergling x2  
  42  3:41  Zergling x4  
  43  3:44  Baneling  
  43  3:45  Zergling x4  
  44  3:49  Zergling x4  
  44  3:51  Zergling x2  
  45  3:57  Overlord  
  45  4:03  Overlord  
  45  4:08  Overlord  
  45  4:16  Roach x4  
  52  4:19  Roach  
  58  4:24  Roach x2  
  58  4:27  Roach  
  62  4:31  Roach  
  59  4:40  Roach x2  
  63  4:49  Zergling x6  
  63  4:50  Baneling x4  
  66  4:53  Baneling x2  
  68  5:03  Zergling x10  
  71  5:07  Baneling x2  
Show
View Real Time Build Order
Export as new Build Order

Scarlett Zerg - Winner!

Build Orders: Hatch First 

Get SALT Encoding   

  12  0:00  Drone  
  13  0:12  Overlord  
  13  0:17  Drone  
  14  0:31  Drone x2  
  16  0:47  Hatchery  
  15  0:50  Drone  
  15  0:54  Drone  
  17  1:08  Spawning Pool  
  17  1:09  Extractor  
  15  1:13  Drone  
  15  1:16  Drone  
  17  1:19  Drone  
  18  1:28  Drone  
  19  1:38  Drone  
  20  1:49  Overlord  
  20  1:55  Queen  
  20  1:58  Queen  
  20  1:59  Zergling x2  
  20  2:00  Drone  
  26  2:09  Metabolic Boost  
  26  2:11  Drone  
  27  2:17  Drone  
  27  2:21  Drone x2  
  30  2:36  Hatchery  
  29  2:39  Queen  
  29  2:44  Overlord  
  31  2:47  Drone  
  31  2:50  Drone  
  33  2:52  Drone  
  34  3:01  Overlord  
  34  3:04  Zergling x6  
  37  3:09  Zergling x4  
  39  3:16  Zergling x8  
  43  3:21  Overlord  
  43  3:33  Roach Warren  
  42  3:39  Drone x5  
  47  3:45  Drone x3  
  49  3:53  Zergling x8  
  52  4:01  Zergling x6  
  54  4:13  Roach x4  
  62  4:21  Overlord, Roach  
  62  4:23  Roach  
  65  4:32  Zergling x4  
  65  4:38  Overlord  
  65  4:41  Roach x4  
  65  4:42  Overlord  
  65  4:45  Zergling x2  
  74  4:58  Zergling x18  
  81  5:06  Zergling x12  
Tags
 
Add a new tag
Caveats
  • Supply blocks, unpowered buildings, or Contaminate may cause inaccurate times.
  • Supply counts are checked every 10 seconds.